Map: Аура смерти РВ

Players

IIIIIIIIIIII

  • Race: Terran Terran
  • League: Master
  • Spawn Location: 5:00

Kas - Winner!

  • Race: Terran Terran
  • League: Grandmaster
  • Spawn Location: 11:00

VOD

Have the link to the VOD?

Description

Time

  • Played on: Oct. 13, 2020, 12:41 p.m.
  • Length: 11:26
Show
View Real Time Build Order
Export as new Build Order

IIIIIIIIIIII Terran 

Build Orders:  

Get SALT Encoding   

  12  0:00  SCV  
  13  0:13  SCV  
  14  0:16  Supply Depot  
  14  0:25  SCV  
  15  0:38  SCV, Barracks  
  16  0:43  Refinery  
  16  0:50  SCV  
  16  0:53  Refinery  
  17  1:05  SCV  
  18  1:17  SCV  
  19  1:27  Supply Depot, Reaper  
  19  1:29  Orbital Command  
  20  1:43  Factory  
  20  1:55  SCV  
  20  1:59  Reaper  
  22  2:07  SCV  
  23  2:19  SCV  
  23  2:21  Command Center  
  24  2:30  Hellion  
  24  2:31  SCV, Barracks Reactor  
  27  2:43  SCV  
  28  2:47  Supply Depot  
  28  2:51  Widow Mine  
  28  2:55  SCV  
  28  2:56  Starport  
  31  3:08  SCV  
  31  3:10  Marine x2  
  34  3:13  Factory Tech Lab  
  34  3:20  SCV  
  35  3:28  Marine x2  
  35  3:32  SCV, Cyclone  
  41  3:35  Orbital Command  
  41  3:37  Starport Tech Lab  
  41  3:42  Refinery  
  41  3:44  SCV  
  41  3:46  Marine x2  
  44  3:55  Raven  
  44  3:57  SCV  
  44  4:00  SCV  
  48  4:05  Marine x2  
  48  4:06  Supply Depot  
  50  4:10  SCV  
  50  4:12  SCV  
  52  4:19  Supply Depot  
  52  4:23  SCV  
  53  4:24  SCV  
  53  4:27  Siege Tank  
  53  4:29  Marine x2  
  53  4:30  Supply Depot  
  59  4:35  SCV  
  59  4:36  SCV  
  59  4:47  SCV  
  59  4:48  Marine x2  
  59  4:49  Raven  
  59  4:50  SCV  
  65  4:52  Supply Depot  
  65  4:59  SCV  
  69  5:02  SCV  
  67  5:07  Command Center, Marine  
  67  5:08  Marine  
  67  5:11  SCV  
  70  5:15  Supply Depot  
  70  5:16  SCV  
  70  5:18  Siege Tank  
  74  5:23  SCV  
  74  5:28  SCV  
  76  5:30  Refinery  
  76  5:35  SCV  
  76  5:40  SCV  
  78  5:47  SCV  
  78  5:48  Barracks  
  78  5:49  Barracks  
  79  5:50  Siege Tank  
  79  5:52  SCV  
  79  5:53  Viking x2  
  86  6:00  SCV  
  87  6:04  SCV  
  87  6:06  Engineering Bay  
  87  6:09  Engineering Bay  
  88  6:12  SCV  
  88  6:14  Marine  
  88  6:16  SCV  
  91  6:23  Viking  
  91  6:24  SCV, Siege Tank  
  97  6:30  SCV  
  98  6:33  Terran Infantry Weapons Level 1  
  98  6:35  Terran Infantry Armor Level 1  
  98  6:39  SCV, Barracks Reactor x2  
  99  6:42  Barracks x2  
  99  6:44  SCV  
  99  6:45  Orbital Command  
  100  6:49  Supply Depot  
  100  6:51  SCV  
  101  6:56  SCV  
  101  7:00  Stimpack  
  102  7:03  SCV  
  102  7:04  Supply Depot  
  102  7:07  Supply Depot  
  102  7:08  SCV  
  104  7:11  Viking x2  
  104  7:15  SCV, Refinery x2  
  109  7:16  SCV  
  109  7:20  SCV  
  111  7:26  Supply Depot  
  111  7:28  Siege Tank  
  111  7:29  Barracks Reactor  
  114  7:30  Barracks Reactor  
  114  7:31  Supply Depot  
  114  7:33  SCV x2  
  114  7:34  Marine x4  
  114  7:36  SCV  
  121  7:37  Marine  
  122  7:45  SCV  
  122  7:46  Viking, Armory  
  122  7:47  SCV  
  122  7:48  SCV  
  122  7:50  Viking  
  129  7:54  Sensor Tower  
  129  8:03  Command Center  
  129  8:05  Siege Tank  
  132  8:10  Marine x6  
  138  8:14  Marine x2  
  138  8:15  Marine  
  138  8:19  Medivac  
  143  8:20  Factory  
  143  8:21  Medivac  
  140  8:28  Marine x2  
  140  8:29  Marine x4  
  140  8:32  Marine x2  
  148  8:37  Terran Infantry Weapons Level 2  
  148  8:38  Supply Depot  
  148  8:39  Terran Infantry Armor Level 2  
  146  8:49  Marine  
  146  8:50  Marine  
  146  8:53  Terran Vehicle Weapons Level 1  
  146  8:54  Marine x2  
  146  8:57  SCV  
  146  8:58  Combat Shield  
  146  9:00  SCV  
  146  9:02  SCV  
  149  9:05  Factory Tech Lab  
  149  9:07  Marine  
  149  9:08  Marine x2  
  149  9:09  Marine x3  
  158  9:10  Siege Tank  
  158  9:12  SCV  
  158  9:14  Medivac x2, Marine x2  
  165  9:29  SCV x3, Marine  
  165  9:30  Marine x6  
  175  9:34  Siege Tank  
  175  9:37  Sensor Tower  
  178  9:39  Marine x2  
  180  9:52  Marine  
  180  9:57  Planetary Fortress, Missile Turret  
  180  9:59  Missile Turret, Marine  
  180  10:00  Marine x2  
  180  10:01  Missile Turret  
  180  10:06  Marine  
  180  10:08  Missile Turret  
  180  10:15  Missile Turret  
  180  10:20  Marine  
  180  10:21  SCV, Marine, Siege Tank  
  180  10:22  Siege Tank  
  180  10:28  Marine x7  
  160  10:29  Viking x2  
  168  10:38  Marine  
  168  10:39  Marine  
  171  10:42  SCV  
  171  10:43  SCV x3  
  171  10:46  Marine x6  
  180  10:55  Marine  
  180  10:56  Marine  
  179  10:57  Marine  
  179  11:02  Supply Depot  
  179  11:03  Supply Depot  
  180  11:07  Marine  
Show
View Real Time Build Order
Export as new Build Order

Kas Terran - Winner!

Build Orders:  

Get SALT Encoding   

  12  0:00  SCV  
  13  0:12  SCV  
  14  0:17  Supply Depot  
  14  0:24  SCV  
  15  0:32  Refinery  
  15  0:38  SCV  
  16  0:43  Barracks  
  16  0:50  SCV  
  17  0:59  Refinery  
  17  1:02  SCV  
  18  1:15  SCV  
  19  1:30  Orbital Command, Factory  
  19  1:38  Reaper  
  20  1:55  Supply Depot  
  20  1:57  SCV  
  21  2:09  SCV  
  21  2:10  Reaper  
  23  2:18  Hellion  
  23  2:21  SCV  
  26  2:25  Command Center  
  26  2:33  SCV, Supply Depot  
  27  2:41  Starport  
  27  2:42  Factory Tech Lab  
  27  2:45  SCV  
  27  2:49  Barracks Reactor  
  28  2:58  SCV  
  29  3:03  Cyclone  
  32  3:10  SCV  
  32  3:17  Refinery  
  32  3:22  Medivac  
  32  3:25  Marine x2  
  37  3:27  SCV  
  37  3:36  Orbital Command  
  37  3:42  SCV  
  37  3:45  Marine x2, Factory Tech Lab  
  40  4:03  SCV, Siege Tank  
  40  4:04  Marine x2  
  40  4:09  Raven  
  46  4:11  SCV  
  46  4:15  SCV  
  50  4:18  Supply Depot  
  50  4:23  Marine x2  
  50  4:24  SCV  
  53  4:27  SCV  
  54  4:32  Command Center  
  54  4:40  SCV, Siege Tank  
  56  4:46  SCV, Supply Depot  
  56  4:51  Marine  
  56  4:52  SCV, Marine  
  60  4:54  Raven  
  62  5:03  Supply Depot  
  62  5:08  SCV x2  
  64  5:14  Supply Depot  
  64  5:16  Siege Tank  
  64  5:18  Marine x2  
  64  5:20  SCV  
  70  5:25  SCV, Supply Depot  
  71  5:34  SCV  
  72  5:37  SCV  
  72  5:39  Engineering Bay x2  
  73  5:46  Viking x2, Orbital Command  
  73  5:47  SCV  
  78  5:50  Siege Tank  
  78  5:52  SCV  
  82  5:59  SCV  
  82  6:02  Stimpack, Marine  
  84  6:05  SCV  
  84  6:06  Terran Infantry Weapons Level 1  
  84  6:11  SCV, Supply Depot  
  86  6:12  Supply Depot, Refinery  
  86  6:13  SCV  
  87  6:20  Viking  
  87  6:26  Viking  
  87  6:27  SCV x2  
  87  6:28  SCV  
  91  6:39  SCV, Siege Tank  
  95  6:42  SCV  
  95  6:44  SCV  
  97  6:51  SCV  
  97  6:53  Viking  
  100  6:54  SCV  
  100  6:55  Marine, Barracks  
  100  6:56  Viking, SCV, Barracks  
  105  7:03  SCV  
  105  7:04  Supply Depot x2  
  106  7:12  SCV x2  
  106  7:13  Marine  
  106  7:14  Refinery x2, Siege Tank  
  112  7:19  SCV  
  112  7:21  Terran Infantry Armor Level 1  
  113  7:24  SCV, Armory  
  113  7:26  SCV  
  115  7:31  Marine  
  115  7:36  SCV x2  
  118  7:37  Command Center, Barracks  
  118  7:38  Barracks  
  118  7:42  Viking  
  120  7:45  Viking, Barracks Reactor  
  120  7:46  Barracks Reactor, SCV  
  120  7:48  Marine  
  120  7:49  SCV  
  125  7:55  Sensor Tower  
  125  7:56  Supply Depot x2  
  125  8:00  SCV  
  125  8:01  Supply Depot  
  125  8:03  SCV x2  
  128  8:06  Combat Shield, Marine  
  128  8:12  SCV  
  130  8:14  Siege Tank  
  130  8:15  SCV  
  130  8:18  SCV  
  135  8:24  SCV, Marine  
  135  8:26  Marine x3  
  136  8:28  SCV, Barracks Reactor x2, Marine  
  136  8:30  Medivac x2  
  136  8:32  SCV  
  144  8:36  SCV  
  145  8:42  Marine  
  145  8:44  Marine  
  147  8:53  SCV  
  147  8:56  SCV  
  147  8:59  Siege Tank  
  147  9:00  Marine  
  147  9:01  SCV  
  147  9:02  Terran Infantry Weapons Level 2  
  153  9:04  Terran Ship Weapons Level 1  
  153  9:05  SCV  
  153  9:06  Marine  
  153  9:07  Marine  
  153  9:08  Marine x2  
  153  9:09  Medivac x2  
  153  9:11  Factory  
  153  9:17  SCV x2  
  153  9:18  SCV  
  153  9:19  Refinery  
  153  9:20  Refinery  
  153  9:21  Planetary Fortress  
  156  9:28  Marine x5  
  156  9:29  Marine x4  
  165  9:31  Supply Depot  
  165  9:36  Missile Turret  
  165  9:37  Missile Turret  
  165  9:38  Missile Turret  
  165  9:40  Siege Tank  
  168  9:46  Marine x7  
  175  9:55  Marine  
  175  9:56  Marine  
  177  10:04  Marine x5, Factory Tech Lab  
  182  10:07  Starport  
  182  10:08  Starport  
  182  10:12  Siege Tank  
  182  10:13  Command Center  
  185  10:17  Command Center  
  185  10:26  Marine x2  
  185  10:27  Marine  
  175  10:31  Liberator x2  
  175  10:32  Marine x2, Siege Tank  
  175  10:33  Marine x2  
  188  10:42  Supply Depot  
  188  11:00  Starport Tech Lab  
  188  11:03  SCV, Marine x7  
  196  11:04  Barracks  
  196  11:05  Barracks  
  196  11:06  Barracks  
Tags
 
Add a new tag
Caveats
  • Supply blocks, unpowered buildings, or Contaminate may cause inaccurate times.
  • Supply counts are checked every 10 seconds.